 Dungeon Crawl Stone Soup version 0.29-a0-464-g50448035db (webtiles) character file.

Game seed: 11339015416730607484

37 Bruhh the Magician (level 3, -2/37 HPs)
             Began as a Djinni Fire Elementalist on May 21, 2022.
             Slain by an orc
             ... wielding a +2 flail of pain
              (6 damage)
             ... on level 4 of the Dungeon.
             The game lasted 00:02:14 (2353 turns).

Bruhh the Magician (Djinni Fire Elementalist)       Turns: 2353, Time: 00:02:15

Health: -2/37      AC:  5    Str:  7    XL:     3   Next: 60%
Gold:   119        EV: 12    Int: 18    God:
                   SH:  0    Dex: 13

rFire   + + .      SeeInvis .   b - +0 spear (vorpal)
rCold   x . .      Faith    .   (no shield)
rNeg    . . .      Spirit   .   a - +0 robe
rPois   ∞          Reflect  .   p - +2 hat
rElec   .          Harm     .   q - +0 cloak
rCorr   .          Rampage  .   (no gloves)
Will    .....                   (boots unavailable)
Stlth   ..........              (no amulet)
HPRegen 0.12/turn               (no ring)
MPRegen 0.00/turn               (no ring)

@: berserking, flying, hasted, very quick
A: sickness immunity, fire resistance 2, cold vulnerability 1, float, innate
caster, HP casting, extra vitality 1
a: no special abilities


You were on level 4 of the Dungeon.
You visited 1 branch of the dungeon, and saw 4 of its levels.

You collected 119 gold pieces.

Inventory:

Hand Weapons
 b - a +0 vorpal spear (weapon)
Armour
 a - a +0 robe (worn)
 p - a +2 hat (worn)
 q - a +0 cloak (worn)
Scrolls
 d - 4 scrolls of identify {unknown}
 e - a scroll of immolation {unknown}
 g - 3 scrolls of fear {unknown}
 i - 3 scrolls of teleportation {unknown}
 o - a scroll of magic mapping {unknown}
Potions
 f - a potion of brilliance {unknown}
 h - a potion of invisibility {unknown}
 k - a potion of degeneration {unknown}
 l - a potion of attraction {unknown}
 m - a potion of flight {unknown}
 n - a potion of heal wounds {unknown}


   Skills:
 - Level 2.1 Dodging
 - Level 1.5 Stealth
 + Level 3.4 Spellcasting


You couldn't memorise any spells.
You knew the following spells:

 Your Spells              Type           Power      Damage    Failure   Level
a - Foxfire               Conj/Fire      60%        2x1d7     3%          1
b - Scorch                Fire           30%        2d6       6%          2
c - Conjure Flame         Conj/Fire      15%        6-21      12%         3
d - Inner Flame           Hex/Fire       15%        N/A       12%         3
e - Flame Wave            Conj/Fire      15%        2d6       36%         4
f - Sandblast             Erth           30%        2d9       3%          1
Your spell library was empty.

Dungeon Overview and Level Annotations

Branches:
Dungeon (4/15)
 Temple: D:4-7

Altars:
Ashenzari


Innate Abilities, Weirdness & Mutations

You are immune to sickness and miasma.
You are immune to poison.
Your flesh is very heat resistant. (rF++)
You are vulnerable to cold. (rC-)
You float through the air rather than walking.
You learn spells naturally, not from books.
Your magical power is your life essence.
You have superior vitality. (+4 MHP)


Message History

You are too injured to fight recklessly!
You are too injured to fight recklessly!
You are too injured to fight recklessly!
You are too injured to fight recklessly!
Casting: Scorch (safe; 6% risk of failure)
Confirm with . or Enter, or press ? or * to list all spells.
Okay, then.
Casting: Scorch (safe; 6% risk of failure)
Confirm with . or Enter, or press ? or * to list all spells.
You don't know that spell.
Unknown command.
Casting: Scorch (safe; 6% risk of failure)
Confirm with . or Enter, or press ? or * to list all spells.
You don't know that spell.
You barely miss the orc.
The hound barks!
You punch the orc.
The orc is heavily wounded.
The orc hits you with a +2 flail of pain!
* * * LOW HITPOINT WARNING * * *
Your magical contamination has completely faded away.
It was a potion of haste.
You feel yourself speed up.
The hound pauses to sniff the ground.
The orc barely misses you.
It was a potion of berserk rage.
A red film seems to cover your vision as you go berserk!
You feel yourself moving faster!
You feel mighty! The orc barely misses you.
You barely miss the orc.
The orc is heavily wounded.
The orc barely misses you.
You barely miss the orc.
The orc is moderately wounded.
You barely miss the orc.
The orc is moderately wounded.
The orc hits you with a +2 flail of pain.
* * * LOW HITPOINT WARNING * * *
You barely miss the orc.
The orc is moderately wounded.
The orc hits you with a +2 flail of pain.
You die...

#.#####.#.#.......#:#####...#
##.### #.#....)....#.# #...#
#....# #.....#..........###.##
####.#######.#.#####.##.....#####
#.....(.>.........#######.....
###########.#...... #.....
#.######## #..... #.########.#
#..... #..@o{hh...# .......
#######.)....####### ..... h...
... .. .


You could see 2 hounds and an orc.

Vanquished Creatures
  3 orcs (D:4)
  2 bats
  2 endoplasms
  3 giant cockroaches (D:1)
  6 goblins
  3 hobgoblins
  A kobold (D:4)
  2 quokkas (D:1)
  4 ball pythons
  3 rats (D:1)
29 creatures vanquished.

Vanquished Creatures (collateral kills)
  A foxfire (D:1)
1 creature vanquished.

Vanquished Creatures (others)
  61 foxfires
61 creatures vanquished.

Grand Total: 91 creatures vanquished

Notes
Turn   | Place    | Note
-------+----------+-------------------------------------------
     0 | D:1      | Bruhh the Djinni Fire Elementalist began the quest for the
                  | Orb.
     0 | D:1      | Reached XP level 1. HP: 15/15 MP: 0/0
   672 | D:1      | Reached XP level 2. HP: 19/21 MP: 0/0
   953 | D:1      | Reached skill level 3 in Spellcasting
  1136 | D:1      | Found a faded altar of an unknown god.
  1564 | D:2      | Found a broken altar of Ashenzari.
  1763 | D:2      | You are sucked into a shaft and drop 2 floors!
  1778 | D:4      | Reached XP level 3. HP: 23/25 MP: 0/0
  1778 | D:4      | Learned a level 1 spell: Sandblast
  2353 | D:4      | Slain by an orc

Illustrated notes

Levels and vault maps discovered:
D:1:      amcnicky_arrival_wind_blow, layout_loops_corners,
          shapermc_ecumenical_altar_flowoftime
D:2:      layout_rooms, basic_altar, chequers_serial_rivers_micro_e
D:3:      layout_rooms
D:4:      layout_basic, uniq_sigmund, uniq_pikel

Skill      XL: |  1  2 |
---------------+-------+-----
Spellcasting   | 3 |  3.4
Dodging        | |  2.1
Stealth        | |  1.5

Action                   || total
-------------------------++-------
Melee: Spear             ||    18
       Punch             ||     1
 Cast: Foxfire           ||    50
       Scorch            ||    13
  Use: Potion            ||     2
Armor: Robe              ||     2
Dodge: Dodged            ||    12

Table legend: (Time is in decaauts)
 A = Elapsed time spent in this place.
 B = Non-inter-level travel time spent in this place.
 C = Inter-level travel time spent in this place.
 D = Time resting spent in this place.
 E = Time spent auto-exploring this place.
 F = Levels seen in this place.
 G = Mean time per level.
                   A        B        C        D        E       F      G
               +--------+--------+--------+--------+--------+-----+--------+
         Total |   2352 |   2312 |     40 |    149 |   1886 |   4 |  588.0 |
       Dungeon |   2352 |   2312 |     40 |    149 |   1886 |   4 |  588.0 |
               +--------+--------+--------+--------+--------+-----+--------+

Top non-repeatable levels by time:
     D:1: 1564 daAuts
     D:4: 587 daAuts
     D:2: 198 daAuts
     D:3: 1 daAuts
